 Dungeon Crawl Stone Soup version 0.26-a0-158-g66bac3cce0 (webtiles) character file.

Game seed: 2971792623499902158

59173 Flugslaktarn the Blocker (level 14, 0/77 HPs)
             Began as a Vine Stalker Ice Elementalist on July 2, 2020.
             Was the Champion of Makhleb.
             Slain by a demonic crawler (3 damage)
             ... on level 1 of the Spider Nest.
             The game lasted 00:59:16 (8699 turns).

Flugslaktarn the Blocker (VSIE)                     Turns: 8699, Time: 00:59:17

Health: 0/77       AC: 11    Str: 11    XL:     14   Next: 93%
Magic:  0/24       EV: 23    Int: 21    God:    Makhleb [******]
Gold:   1024       SH: 12    Dex: 20    Spells: 13/25 levels left

rFire    . . .     SeeInvis .   j - +7 war axe "Cett" {vorpal, rN+}
rCold    . . .     Faith    .   V - +0 kite shield
rNeg     + . .     Spirit   +   Q - +0 troll leather armour
rPois    .         Reflect  .   J - +2 hat {Int+3}
rElec    .         Harm     .   D - scarf {repulsion}
rCorr    .                      G - +1 pair of gloves {Dex+3}
MR       +....                  t - +2 pair of boots
Stlth    ++........             C - amulet of regeneration
HPRegen  1.82/turn              d - +4 ring of slaying
MPRegen  0.19/turn              o - +4 ring of evasion

@: repel missiles
A: fangs 3, regeneration 2, magic shield, antimagic bite, no potion heal 3, rot
immunity
a: Minor Destruction, Lesser Servant of Makhleb, Major Destruction, Greater
Servant of Makhleb, Renounce Religion


You were on level 1 of the Spider Nest.
You worshipped Makhleb.
Makhleb was exalted by your worship.
You were not hungry.

You visited 5 branches of the dungeon, and saw 20 of its levels.
You also visited: Ice Cave.

You collected 2105 gold pieces.
You spent 1081 gold pieces at shops.

Inventory:

Hand Weapons
 j - the +7 war axe "Cett" (weapon) {vorpal, rN+}
   (You took it off an orc knight on level 1 of the Orcish Mines)

   It inflicts extra damage upon your enemies.
   It protects you from negative energy.
 Y - a +2 demon blade of venom
   (You found it in an ice cave)
Missiles
 g - 339 arrows
 F - 2 throwing nets (quivered)
 S - 5 javelins
Armour
 t - a +2 pair of boots (worn)
   (You found it on level 1 of the Lair of Beasts)
 A - the +2 leather armour of Gicsaim {rC++}
   (You found it on level 6 of the Dungeon)

   It greatly protects you from cold.
 D - a scarf of repulsion (worn)
   (You found it on level 11 of the Dungeon)
 G - a +1 pair of gloves of dexterity (worn)
   (You found it on level 1 of the Orcish Mines)
 J - a +2 hat of intelligence (worn)
   (You took it off Gastronok on level 3 of the Lair of Beasts)
 Q - a +0 troll leather armour (worn)
   (You found it on level 10 of the Dungeon)
 V - a +0 kite shield (worn)
   (You took it off a gnoll sergeant on level 10 of the Dungeon)
Magical Staves
 P - an uncursed staff of energy
   (You found it on level 9 of the Dungeon)
Jewellery
 d - a +4 ring of slaying (left hand)
   (You found it on level 5 of the Dungeon)
 o - a +4 ring of evasion (right hand)
   (You found it on level 3 of the Dungeon)
 u - an uncursed ring of ice
   (You found it on level 1 of the Orcish Mines)
 C - an amulet of regeneration (around neck)
   (You took it off an orc on level 7 of the Dungeon)
 I - an uncursed ring of poison resistance
   (You bought it in a shop on level 2 of the Orcish Mines)
 W - an uncursed ring of resist corrosion
   (You found it on level 10 of the Dungeon)
 Z - the ring "Guuzur" {rF+ rC++}
   (You bought it in a shop on level 2 of the Orcish Mines)

   [ring of protection from fire]

   It protects you from fire.
   It greatly protects you from cold.
Wands
 x - a wand of enslavement (8)
   (You found it on level 5 of the Dungeon)
 y - a wand of clouds (4)
   (You found it on level 6 of the Dungeon)
 B - a wand of acid (6)
   (You found it on level 6 of the Dungeon)
 E - a wand of paralysis (14)
   (You took it off Harold on level 8 of the Dungeon)
 H - a wand of disintegration (19)
   (You found it on level 2 of the Spider Nest)
 X - a wand of flame (25)
   (You found it in an ice cave)
Scrolls
 f - 5 scrolls of enchant weapon
 l - 7 scrolls of amnesia
 m - 2 scrolls of remove curse
 n - 5 scrolls of fear
 p - a scroll of summoning {unknown}
 r - 3 scrolls of enchant armour
 s - a scroll of immolation {unknown}
 w - 2 scrolls of magic mapping
 K - 5 scrolls of teleportation
 M - 3 scrolls of fog
 O - 2 scrolls of blinking
Potions
 a - a potion of brilliance
 b - a potion of stabbing
 e - a potion of flight {unknown}
 h - a potion of resistance
 i - 5 potions of curing
 k - 2 potions of cancellation
 q - 3 potions of mutation
 v - 2 potions of might
 z - 2 potions of haste
 N - a potion of experience {unknown}
 R - 2 potions of invisibility {unknown}
 T - 3 potions of lignification
Miscellaneous
 L - a box of beasts
 U - a lightning rod (3/4)
   (You found it on level 12 of the Dungeon)
Comestibles
 c - 10 rations


   Skills:
 + Level 10.8 Fighting
 + Level 9.9 Dodging
 - Level 2.4 Stealth
 - Level 11.2 Shields
 - Level 8.7 Unarmed Combat
 - Level 6.0 Spellcasting
 - Level 3.0 Summonings
 - Level 5.0 Necromancy
 - Level 9.0 Ice Magic
 - Level 6.0 Invocations
 - Level 4.0 Evocations


You had 13 spell levels left.
You knew the following spells:

 Your Spells              Type           Power        Failure   Level  Hunger
a - Freeze                Ice            ####         1%          1    None
b - Frozen Ramparts       Ice            #####.       1%          3    ##.....
c - Animate Dead          Necr           N/A          26%         4    ####...
d - Summon Ice Beast      Ice/Summ       ####....     17%         4    ####...

Your spell library contained the following spells:

 Spells                   Type           Power        Failure   Level  Hunger
 Animate Skeleton         Necr           N/A          2%          1    None
 Pain                     Necr           ####         2%          1    None
 Ensorcelled Hibernation  Hex/Ice        ####..       4%          2    None
 Summon Small Mammal      Summ           ###.         6%          1    None
 Vampiric Draining        Necr           ####......   8%          3    ##.....
 Call Imp                 Summ           ###.....     9%          2    None
 Ozocubu's Armour         Chrm/Ice       ####....     10%         3    ##.....
 Call Canine Familiar     Summ           ###.....     19%         3    ##.....
 Corona                   Hex            #......      21%         1    None
 Summon Guardian Golem    Hex/Summ       ##......     32%         3    ##.....
 Hailstorm                Conj/Ice       ####....     32%         4    ####...
 Confusing Touch          Hex            #.......     52%         3    ##.....
 Dazzling Flash           Conj/Hex       #.....       52%         3    ##.....
 Tukima's Dance           Hex            #.......     52%         3    ##.....
 Agony                    Necr           ####....     58%         5    #####..
 Summon Lightning Spire   Summ/Air       ##......     73%         4    ####...


Dungeon Overview and Level Annotations

Branches:
Dungeon (12/15)            Temple (1/1) D:5            Lair (3/6) D:10
  Swamp (0/4) Lair:2       Spider (2/4) Lair:3          Orc (2/2) D:12
    Elf (0/3) Orc:2         IceCv (visited)

Altars:
Ashenzari
Cheibriados
Dithmenos
Elyvilon
Fedhas
Gozag
Hepliaklqana
Kikubaaqudgha
Makhleb
Okawaru
Qazlal
Ru
Trog
Uskayaw
Vehumet
Wu Jian
Xom
Yredelemnul
Zin
The Shining One
Beogh

Shops:
D:2 *   D:5 ((**   D:8 %   Orc:2 }=%(?


Innate Abilities, Weirdness & Mutations

You have razor-sharp teeth.
You heal very quickly.
When hurt, damage is shared between your health and your magic reserves.
Your bite disrupts and absorbs the magic of your enemies.
Potions cannot restore your health.
You are immune to rotting.


Message History

You slash the redback!
You feel sick. The redback bites you.
* * * LOW HITPOINT WARNING * * *
The demonic crawler completely misses you.
The demonic crawler hits you.
* * * LOW HITPOINT WARNING * * *
You block the demonic crawler's attack. The redback completely misses you.
Your ice beast barely misses the demonic crawler.
The demonic crawler misses you.
The demonic crawler completely misses you.
You block the demonic crawler's attack.
You hit the redback but do no damage.
The redback is moderately wounded.
You hit the demonic crawler but do no damage.
You feel very sick. The redback bites you.
* * * LOW HITPOINT WARNING * * *
You are more poisoned.
The redback poisons you! The demonic crawler barely misses you.
The demonic crawler misses you. x2
Your ice beast hits the demonic crawler.
Your ice beast freezes the demonic crawler!
The demonic crawler resists.
The redback misses you.
The demonic crawler completely misses you. x2
The demonic crawler misses you.
Your ice beast hits the demonic crawler but does no damage.
You block the redback's attack.
You slash the redback!
The redback is heavily wounded.
You hit the demonic crawler.
You feel extremely sick. The demonic crawler hits you.
* * * LOW HITPOINT WARNING * * *
The demonic crawler misses you. The demonic crawler hits you.
* * * LOW HITPOINT WARNING * * *
The redback bites you!
* * * LOW HITPOINT WARNING * * *
Your ice beast hits the demonic crawler but does no damage.
The demonic crawler completely misses you.
The demonic crawler hits you but does no damage.
You block the demonic crawler's attack. You block the redback's attack.
Your system rejects the healing.
You feel better. The demonic crawler hits you!
* * * LOW HITPOINT WARNING * * *
The demonic crawler closely misses you. x2
The redback bites you but does no damage.
Your ice beast hits the demonic crawler but does no damage.
The redback bites you!
* * * LOW HITPOINT WARNING * * *
The demonic crawler hits you but does no damage.
You block the demonic crawler's attack. The demonic crawler hits you.
You die...

#### ####...###
#≈......≈## ##
.#.......≈≈##.##
≈..........#.....
#................
........sY.......#≈#..≈
........s@............###
..............[........≈#
........†.............^≈≈#
....#...†..............≈.#
.......................#..
..........^..........#....
........#........>.≈#.....
^
........#..........#......
...
≈...(...#..........#......


You could see a demonic crawler, a redback and a friendly ice beast (summoned).

Vanquished Creatures
  Gastronok (Lair:3)
  An ettin (Orc:2)
  Erolcha (D:10)
  Harold (D:8)
  A hydra (Lair:2)
  A centaur warrior (D:10)
  2 two-headed ogres
  3 death yaks
  Urug (D:10)
  4 orc high priests (Orc:2)
  An unseen horror (D:10)
  11 orc knights
  Pikel (D:4)
  3 orb spiders (Spider:2)
  8 deep elf magi (Orc:1)
  5 orc sorcerers
  2 manticores
  2 oklob plants (Lair:3)
  A wolf spider (Spider:1)
  A moth of wrath (Spider:2)
  2 cyclopes
  A torpor snail (Lair:2)
  Joseph (D:8)
  2 ice statues (IceCv)
  3 spiny frogs
  4 demonic crawlers
  5 ice devils (IceCv)
  A komodo dragon (Lair:3)
  6 jumping spiders
  5 trolls
  A raiju (shapeshifter) (D:11)
  7 blink frogs
  2 slime creatures (D:12)
  4 hippogriffs
  A wyvern (D:9)
  15 redbacks
  7 tarantellas
  5 yaks
  A hungry ghost (D:11)
  A steam dragon (Lair:2)
  3 water moccasins
  The ghost of slayr the Firebug, an amateur TeFE (D:4)
  A nameless horror (Lair:3)
  8 porcupines
  2 slaves (D:4)
  3 necrophages
  3 ice beasts
  23 orc warriors
  3 sky beasts
  A black bear (D:6)
  2 phantoms
  8 ogres
  10 centaurs
  A crocodile (Lair:2)
  3 big kobolds
  3 bullfrogs
  A gnoll sergeant (D:10)
  A jelly (D:11)
  2 water moccasin skeletons
  5 scorpions
  4 wights
  3 howler monkeys
  An electric eel (Lair:2)
  2 quasits
  2 centaur zombies
  18 orc priests
  6 hounds
  A centaur skeleton (D:11)
  A gnoll shaman (D:6)
  4 bullfrog skeletons
  16 orc wizards
  Natasha (twice) (D:3)
  2 iguanas
  6 worker ants
  17 adders
  8 gnolls
  10 white imps
  9 ufetubi
  An ooze (D:2)
  An adder zombie (D:8)
  A worm (D:4)
  3 dart slugs
  8 leopard geckos
  87 orcs
  3 giant cockroaches
  4 goblins
  3 hobgoblins (D:3)
  8 quokkas
  A ball python (D:2)
  14 bats
  4 frilled lizards
  A jackal zombie (D:6)
  17 kobolds
  5 rats
  3 fungi (D:7)
485 creatures vanquished.

Vanquished Creatures (collateral kills)
  Rupert (Lair:3)
  2 emperor scorpions (Spider:2)
  A reaper (IceCv)
  An entropy weaver (Spider:2)
  A hydra (Lair:3)
  The ghost of egg the Cleaver, a journeyman MiFi of Okawaru (Orc:1)
  A two-headed ogre (D:10)
  An orc high priest (Orc:1)
  2 death yaks (D:10)
  4 orc knights
  A wolf spider (Spider:2)
  A deep elf mage (Orc:1)
  2 oklob plants (Lair:3)
  A slime creature (D:12)
  An ice devil (IceCv)
  A demonic crawler (Spider:2)
  A jumping spider (Spider:1)
  Prince Ribbit (D:8)
  2 blink frogs (Lair:2)
  2 tarantellas
  8 redbacks
  2 yaks (D:10)
  2 wargs (Orc:2)
  3 water moccasins
  3 orc warriors
  A necrophage (D:8)
  3 ogres
  A big kobold (D:10)
  A bullfrog (D:10)
  A gnoll sergeant (D:5)
  A scorpion (D:7)
  A howler monkey (D:8)
  A hound (D:12)
  An orc priest (Orc:2)
  3 orc wizards
  2 worker ants
  2 gnolls
  8 orcs
  A bat (D:7)
  A giant cockroach (D:8)
  A plant (Lair:3)
75 creatures vanquished.

Vanquished Creatures (others)
  3 white imps (IceCv)
  4 ufetubi (IceCv)
  A quokka (D:4)
  A fungus (D:7)
  A plant (Lair:3)
10 creatures vanquished.

Grand Total: 570 creatures vanquished

Notes
Turn   | Place    | Note
-------+----------+-------------------------------------------
     0 | D:1      | Flugslaktarn the Vine Stalker Ice Elementalist began the
                  | quest for the Orb.
     0 | D:1      | Reached XP level 1. HP: 9/9 MP: 4/4
    97 | D:1      | Reached XP level 2. HP: 9/13 MP: 0/6
   181 | D:2      | Noticed an ogre
   313 | D:2      | Reached XP level 3. HP: 4/16 MP: 1/8
   329 | D:2      | Learned a level 3 spell: Frozen Ramparts
   427 | D:2      | Found Zin's Purification Station.
   430 | D:2      | Found a glowing silver altar of Zin.
   531 | D:3      | Found an ornate altar of the Wu Jian Council.
   568 | D:3      | Noticed Natasha
   575 | D:3      | Killed Natasha
   575 | D:3      | Gained mutation: Your natural rate of healing is unusually
                  | fast. [Vine Stalker growth]
   575 | D:3      | Reached XP level 4. HP: 12/21 MP: 4/10
   659 | D:2      | Found a sacrificial altar of Ru.
   683 | D:3      | Reached skill level 5 in Ice Magic
   752 | D:3      | Noticed Natasha
   762 | D:3      | Killed Natasha
   762 | D:3      | Reached XP level 5. HP: 22/24 MP: 1/12
   825 | D:4      | Found a runed translucent gate.
   825 | D:4      | Found a runed translucent gate.
   825 | D:4      | Found a runed translucent gate.
   825 | D:4      | Identified the +10 mace "Aquonk" {flame, Stlth+}
   826 | D:4      | Noticed slayr's ghost (amateur TeFE)
   832 | D:4      | Found a roughly hewn altar of Beogh.
   852 | D:4      | Killed slayr's ghost
   852 | D:4      | Reached XP level 6. HP: 12/28 MP: 1/13
   995 | D:4      | Noticed a slave
   996 | D:4      | Noticed Pikel
   999 | D:4      | Noticed a slave
   999 | D:4      | Noticed a slave
  1000 | D:4      | Noticed a slave
  1003 | D:4      | Killed a slave
  1005 | D:4      | Killed a slave
  1008 | D:4      | Killed Pikel
  1008 | D:4      | Reached XP level 7. HP: 27/35 MP: 5/14
  1008 | D:4      | Gained mutation: You have razor-sharp teeth. [Vine Stalker
                  | growth]
  1008 | D:4      | Reached XP level 8. HP: 30/39 MP: 5/15
  1014 | D:4      | Learned a level 4 spell: Summon Ice Beast
  1255 | D:5      | Entered Level 5 of the Dungeon
  1261 | D:5      | Reached skill level 1 in Summonings
  1458 | D:5      | Found a staircase to the Ecumenical Temple.
  1470 | Temple   | Entered the Ecumenical Temple
  1580 | Temple   | Became a worshipper of Makhleb the Destroyer
  1643 | D:5      | Found Biurhiuv's Assorted Antiques.
  1644 | D:5      | Found Deupryg's Assorted Antiques.
  1645 | D:5      | Found Rumifai's Weapon Shoppe.
  1674 | D:5      | Found Warykal's Weapon Shoppe.
  1693 | D:5      | Bought a bronze ring for 100 gold pieces
  1849 | D:6      | Found a stormy altar of Qazlal.
  1854 | D:6      | Reached skill level 5 in Spellcasting
  1854 | D:6      | Reached XP level 9. HP: 39/44 MP: 13/17
  1867 | D:6      | Found a snail-covered altar of Cheibriados.
  1870 | D:6      | Found an ancient bone altar of Kikubaaqudgha.
  1873 | D:6      | Found a shattered altar of Ashenzari.
  1876 | D:6      | Found a hide-covered altar of Uskayaw.
  1884 | D:6      | Reached * piety under Makhleb
  1938 | D:6      | Got an ancient leather armour
  1949 | D:6      | Identified the +2 leather armour of Gicsaim {rC++} (You
                  | found it on level 6 of the Dungeon)
  1965 | D:6      | Found a basalt altar of Yredelemnul.
  2562 | D:8      | Found a blossoming altar of Fedhas.
  2599 | D:8      | Noticed Harold
  2600 | D:8      | Noticed Prince Ribbit
  2602 | D:8      | Reached skill level 5 in Dodging
  2603 | D:8      | Reached skill level 5 in Fighting
  2605 | D:8      | Reached ** piety under Makhleb
  2616 | D:8      | Killed Harold
  2619 | D:8      | Reached XP level 10. HP: 52/53 MP: 1/18
  2621 | D:8      | Killed Prince Ribbit
  2629 | D:8      | Noticed a two-headed ogre
  2645 | D:8      | Killed a two-headed ogre
  2825 | D:8      | Noticed Joseph
  2840 | D:8      | Killed Joseph
  2840 | D:8      | Reached skill level 1 in Invocations
  2889 | D:8      | Found Bousch's Food Boutique.
  2980 | D:7      | Reached *** piety under Makhleb
  3266 | D:9      | Noticed a two-headed ogre
  3279 | D:9      | Killed a two-headed ogre
  3304 | D:9      | Reached skill level 5 in Invocations
  3521 | D:10     | Entered Level 10 of the Dungeon
  3535 | D:10     | Noticed a death yak
  3536 | D:10     | Noticed Urug
  3561 | D:10     | Reached skill level 1 in Shields
  3565 | D:10     | Reached skill level 2 in Shields
  3575 | D:10     | Found a staircase to the Lair.
  3575 | D:10     | Noticed Erolcha
  3575 | D:10     | Noticed a death yak
  3593 | D:10     | Reached XP level 11. HP: 58/58 MP: 6/19
  3599 | D:10     | Reached skill level 3 in Shields
  3606 | D:10     | Killed Erolcha
  3606 | D:10     | Reached skill level 4 in Shields
  3611 | D:10     | Killed Urug
  3611 | D:10     | Noticed a death yak
  3625 | D:10     | Killed a death yak
  3626 | D:10     | Killed a death yak
  3626 | D:10     | Reached skill level 1 in Unarmed Combat
  3627 | D:10     | Killed a death yak
  3667 | D:10     | Found a runed translucent door.
  3677 | D:10     | Noticed a manticore
  3691 | D:10     | Killed a manticore
  3711 | D:10     | Noticed a two-headed ogre
  3838 | D:10     | Found a runed translucent door.
  3891 | D:10     | Reached **** piety under Makhleb
  3907 | D:10     | Noticed a centaur warrior
  3960 | D:10     | Killed an unseen horror
  3986 | D:10     | Killed a centaur warrior
  3986 | D:10     | Reached skill level 5 in Shields
  4012 | D:10     | Killed a two-headed ogre
  4012 | D:10     | Gained mutation: You heal very quickly. [Vine Stalker
                  | growth]
  4012 | D:10     | Reached XP level 12. HP: 64/64 MP: 20/20
  4502 | D:11     | Reached skill level 6 in Shields
  4634 | D:12     | Reached ***** piety under Makhleb
  4657 | D:12     | Found a staircase to the Orcish Mines.
  4773 | Orc:1    | Entered Level 1 of the Orcish Mines
  4813 | Orc:1    | Reached skill level 5 in Unarmed Combat
  4846 | Orc:1    | Found a runed translucent gate.
  4847 | Orc:1    | Found a runed translucent gate.
  4847 | Orc:1    | Noticed egg's ghost (journeyman MiFi)
  4847 | Orc:1    | Noticed an orc high priest
  4848 | Orc:1    | Found a roughly hewn altar of Beogh.
  4848 | Orc:1    | Found a runed translucent gate.
  4848 | Orc:1    | Identified the +7 war axe "Cett" {vorpal, rN+}
  4896 | Orc:1    | Reached skill level 7 in Shields
  5044 | Orc:1    | Identified the +2 leather armour of Fortitude {MR- Str+2
                  | Dex+7 SInv}
  5076 | Orc:1    | Reached skill level 8 in Shields
  5190 | Orc:2    | Entered Level 2 of the Orcish Mines
  5295 | Orc:2    | Found Rarip's Magic Scroll Shoppe.
  5384 | Orc:2    | Found a staircase to the Elven Halls.
  5450 | Orc:2    | Reached XP level 13. HP: 62/68 MP: 12/21
  5524 | Orc:2    | Reached skill level 9 in Shields
  5525 | Orc:2    | Found a frozen archway.
  5568 | IceCv    | Entered an ice cave
  5694 | IceCv    | Noticed a reaper
  5760 | IceCv    | Killed a reaper
  6024 | Orc:2    | Reached skill level 10 in Shields
  6097 | Orc:2    | Found Pitafahy's Weapon Shop.
  6097 | Orc:2    | Found Ifyfem Jose's Gadget Emporium.
  6099 | Orc:2    | Found Rugoilul's Food Shop.
  6099 | Orc:2    | Found Vaghy's Jewellery Emporium.
  6173 | Orc:2    | Noticed an ettin
  6189 | Orc:2    | Killed an ettin
  6232 | Orc:2    | Bought 2 scrolls of teleportation for 78 gold pieces
  6339 | Orc:2    | Reached ****** piety under Makhleb
  6456 | Orc:2    | Bought the ring "Guuzur" {rF+ rC++} for 643 gold pieces
  6456 | Orc:2    | Bought an uncursed ring of poison resistance for 260 gold
                  | pieces
  6585 | Orc:1    | Reached skill level 11 in Shields
  6708 | Orc:1    | Killed egg's ghost
  6984 | Lair:1   | Entered Level 1 of the Lair of Beasts
  7011 | Lair:1   | Learned a level 4 spell: Animate Dead
  7142 | Lair:2   | Found a staircase to the Swamp.
  7305 | Lair:2   | Reached skill level 1 in Necromancy
  7428 | Lair:2   | Reached XP level 14. HP: 73/73 MP: 23/23
  7767 | Lair:2   | You fall into a shaft and drop 1 floor!
  7781 | Lair:3   | Noticed Rupert
  7799 | Lair:3   | Killed Rupert
  8097 | Lair:3   | Noticed Gastronok
  8112 | Lair:3   | Killed Gastronok
  8112 | Lair:3   | Reached skill level 5 in Necromancy
  8142 | Lair:3   | Found a hole to the Spider Nest.
  8191 | Spider:1 | Entered Level 1 of the Spider Nest
  8220 | Spider:1 | You fall into a shaft and drop 1 floor!
  8229 | Spider:2 | Noticed an emperor scorpion
  8245 | Spider:2 | Killed an emperor scorpion
  8285 | Spider:2 | Reached skill level 10 in Fighting
  8381 | Spider:2 | Noticed an entropy weaver
  8409 | Spider:2 | Noticed an entropy weaver
  8416 | Spider:2 | Killed an entropy weaver
  8434 | Spider:2 | Noticed an emperor scorpion
  8514 | Spider:2 | Killed an emperor scorpion
  8699 | Spider:1 | HP: 3/77 [redback (9)]
  8699 | Spider:1 | Slain by a demonic crawler

Illustrated notes

Levels and vault maps discovered:
D:1:      nicolae_arrival_washed_ashore, layout_basic
D:2:      layout_rooms, lemuel_round_altar, zin_purify, minmay_snake_closets
D:3:      layout_basic, lemuel_coloured_pillars_altar, uniq_natasha
D:4:      layout_rooms, biasface_ghost_orc_armoury, elyvilon_altar_4, uniq_pikel
D:5:      layout_basic, minmay_temple_entry_overgrown, first_ration,
          minmay_shop_grid_forest
D:6:      cheibrodos_two_vegetables, layout_basic, lemuel_doored_altar,
          old_standard_altar, nemelex_xobeh_ov_fountains_minmay,
          grunt_temple_overflow_cloverleaf
D:7:      old_forge, layout_basic
D:8:      layout_basic, serial_shops, kennysheep_mini, fedhas_altar_2,
          uniq_joseph, uniq_harold, uniq_prince_ribbit1
D:9:      layout_basic, tgw_sif
D:10:     cheibrodos_histonic, layout_cave_pools, dpeg_lair_monsters,
          hangedman_stone_soup, uniq_urug, uniq_erolcha
D:11:     layout_basic
D:12:     layout_basic, orc_david_3, chequers_serial_rivers_small_b, uniq_snorg,
          uniq_jorgrun
Temple:   minmay_temple_curvy_loop
Lair:1:   layout_roguey, roderic_batcave, minmay_holes, grunt_megastairs_2
Lair:2:   layout_cave_pods, swamp_mist, beast_lair_carwin_6,
          serial_bayou_shore_a, lemuel_fruit_tree
Lair:3:   layout_loops_ring, spider_nest_entry_webs, minmay_lair_oklob_chamber,
          uniq_rupert, uniq_gastronok
Spider:1: layout_spider_delve, nicolae_spider_webs_and_nodes
Spider:2: layout_spider_delve, nicolae_spider_cling_halls
Orc:1:    layout_diamond_mine, biasface_ghost_orc_armoury, elves_outpost_lemuel
Orc:2:    grunt_orc_tribal_feast, layout_caves, portal_ice_cave_entry_pillars_2,
          guppyfry_orc_lava_fort

Skill      XL: |  1  2  3  4  5  6  7  8  9 10 11 12 13 14 |
---------------+-------------------------------------------+-----
Spellcasting   | 3 4 5 6 |  6.0
Ice Magic      | 5 6 8 9 |  9.0
Fighting       | 2 3 6 7 8 10 | 10.8
Dodging        | 2 3 6 7 8 9 |  9.9
Summonings     | 2 3 |  3.0
Invocations    | 6 |  6.0
Shields        | 2 5 8 11 | 11.2
Evocations     | 4 |  4.0
Unarmed Combat | 3 6 8 |  8.7
Necromancy     | 1 5 |  5.0
Stealth        | |  2.4

Action                   |  1- 3 |  4- 6 |  7- 9 | 10-12 | 13-15 || total
-------------------------+-------+-------+-------+-------+-------++-------
Melee: Unarmed           |     9 |       |       |       |       ||     9
       Bite              |     7 |     8 |    20 |    71 |   122 ||   228
       Short sword       |    11 |     4 |       |       |       ||    15
       Long sword        |       |    20 |       |       |       ||    20
       Mace              |       |    13 |   112 |   283 |   101 ||   509
       Demon blade       |       |       |       |       |    75 ||    75
       War axe           |       |       |       |       |   214 ||   214
 Cast: Freeze            |    36 |     8 |     5 |       |     1 ||    50
       Frozen Ramparts   |     2 |    12 |    26 |    60 |    57 ||   157
       Summon Ice Beast  |       |       |     5 |    26 |    40 ||    71
       Animate Dead      |       |       |       |       |     1 ||     1
Invok: Lesser Servant of |       |       |       |     4 |    11 ||    15
       Greater Servant o |       |       |       |       |     1 ||     1
       Minor Destruction |       |       |       |       |     4 ||     4
Evoke: Wand              |       |       |       |     3 |     4 ||     7
       Lightning rod     |       |       |       |     2 |     6 ||     8
  Use: Potion            |     1 |       |       |       |     1 ||     2
       Scroll            |       |       |    14 |     6 |     3 ||    23
 Stab: Sleeping          |       |       |     2 |     2 |     3 ||     7
       Distracted        |       |       |     1 |     4 |     5 ||    10
  Eat: Ration            |       |     1 |     2 |     4 |     7 ||    14
       Chunk             |       |       |     1 |     4 |     1 ||     6
Armor: Robe              |     6 |     6 |    26 |       |       ||    38
       Leather armour    |       |       |     6 |    46 |    29 ||    81
       Ring mail         |       |       |       |     5 |       ||     5
       Troll leather arm |       |       |       |       |    63 ||    63
Dodge: Dodged            |    31 |    33 |   152 |   315 |   440 ||   971
       Repelled          |       |       |       |     4 |     7 ||    11
Block: Buckler           |       |       |       |    63 |    60 ||   123
       Kite shield       |       |       |       |       |   208 ||   208
       Rpst.: Long sword |       |     1 |       |       |       ||     1
       Demon blade       |       |       |       |       |    11 ||    11

Table legend:
 A = Non-vault XP
 B = Vault XP
 C = Vault XP percentage of total XP
 D = Non-vault monster count
 E = Vault monster count
 F = Vault count percentage of total count
                 A         B        C        D         E       F
            +---------+---------+-------+---------+---------+-------
      Total |   42733 |   41800 |  49.4 |     377 |     176 |  31.8
            +---------+---------+-------+---------+---------+-------
        D:1 |      22 |       0 |   0.0 |      13 |       0 |   0.0
        D:2 |      48 |       0 |   0.0 |      13 |       0 |   0.0
        D:3 |     101 |      35 |  25.7 |      22 |       1 |   4.3
        D:4 |     293 |     872 |  74.8 |      20 |      13 |  39.4
        D:5 |     612 |       0 |   0.0 |      24 |       0 |   0.0
        D:6 |     918 |       0 |   0.0 |      17 |       0 |   0.0
        D:7 |     720 |     131 |  15.4 |      25 |      13 |  34.2
        D:8 |    1538 |    1438 |  48.3 |      26 |       3 |  10.3
        D:9 |    1822 |       0 |   0.0 |      15 |       0 |   0.0
       D:10 |    1161 |    8890 |  88.4 |      20 |      29 |  59.2
       D:11 |    2662 |       0 |   0.0 |      38 |       0 |   0.0
       D:12 |    2084 |     145 |   6.5 |      15 |       5 |  25.0
     Lair:1 |     691 |     290 |  29.6 |       3 |       2 |  40.0
     Lair:2 |    5872 |     966 |  14.1 |      20 |       6 |  23.1
     Lair:3 |    2672 |    5719 |  68.2 |       9 |       8 |  47.1
   Spider:1 |    2505 |       0 |   0.0 |      10 |       0 |   0.0
   Spider:2 |   14297 |       0 |   0.0 |      43 |       0 |   0.0
      Orc:1 |    2684 |    7544 |  73.8 |      22 |      25 |  53.2
      Orc:2 |    2031 |   12566 |  86.1 |      22 |      47 |  68.1
      IceCv |       0 |    3204 | 100.0 |       0 |      24 | 100.0
            +---------+---------+-------+---------+---------+-------
